 Dungeon Crawl Stone Soup version 0.29.1-12-g30fa7ad0bf (webtiles) character file.

Game seed: 8575851607779185496

364 mopl the Chopper (level 6, -2/50 HPs)
             Began as a Palentonga Fighter on Jan 16, 2023.
             Was an Initiate of Okawaru.
             Slain by a gnoll bouda
             ... wielding a +0 club
              (8 damage)
             ... on level 3 of the Dungeon.
             The game lasted 00:04:14 (2433 turns).

mopl the Chopper (Palentonga Fighter)               Turns: 2433, Time: 00:04:16

Health: -2/50      AC: 11    Str: 24    XL:     6   Next: 39%
Magic:  7/7        EV:  5    Int:  8    God:    Okawaru [......]
Gold:   156        SH:  4    Dex:  9    Spells: 5/5 levels left

rFire   . . .      SeeInvis +   a - +0 war axe
rCold   . . .      Faith    .   c - +0 buckler
rNeg    . . .      Spirit   .   o - +4 chain mail
rPois   .          Reflect  .   (no helmet)
rElec   .          Harm     .   (no cloak)
rCorr   .          Rampage  .   (no gloves)
Will    .....                   (no barding)
Stlth   ..........              (no amulet)
HPRegen 0.16/turn               (no ring)
MPRegen 0.10/turn               (no ring)

@: weakened
A: large, rugged brown scales 3, see invisible, deformed body, roll 1, armoured
tail
a: Rolling Charge, Renounce Religion


You were on level 3 of the Dungeon.
You worshipped Okawaru.
Okawaru was noncommittal.
You visited 1 branch of the dungeon, and saw 3 of its levels.

You collected 156 gold pieces.

Inventory:

Hand Weapons
 a - a +0 war axe (weapon)
 b - a +0 spear of venom
Missiles
 h - 5 javelins
 n - 3 boomerangs
 r - 2 curare-tipped darts
 t - 5 poisoned darts
Armour
 c - a +0 buckler (worn)
 o - a +4 chain mail (worn)
Wands
 u - a wand of acid (9)
Scrolls
 e - 4 scrolls of identify {unknown}
 k - a scroll of immolation {unknown}
 l - a scroll of butterflies {unknown}
 m - a scroll of teleportation {unknown}
Potions
 d - 2 potions of might
 f - 2 potions of heal wounds
 g - a potion of invisibility {unknown}
 i - a potion of magic {unknown}
 j - a potion of curing {unknown}
 p - a potion of brilliance {unknown}
 q - 3 potions of flight {unknown}
 s - a potion of degeneration {unknown}


   Skills:
 - Level 3.0 Fighting
 * Level 6.6 Axes
 - Level 2.4 Armour
 - Level 2.6 Shields
 + Level 1.9 Invocations


You had 5 spell levels left.
You didn't know any spells.
Your spell library contained the following spells:

 Spells                   Type           Power      Damage    Failure   Level
 Magic Dart               Conj           0%         1d3       99%         1
 Gell's Gravitas          Tloc           0%         N/A       100%        3
 Lesser Beckoning         Tloc           0%         N/A       100%        3
 Mephitic Cloud           Conj/Pois/Air  0%         N/A       100%        3
 Teleport Other           Tloc           0%         N/A       100%        3
 Call Imp                 Summ           Unusable   N/A       N/A         2

Dungeon Overview and Level Annotations

Branches:
Dungeon (3/15)

Altars:
Okawaru
Xom


Innate Abilities, Weirdness & Mutations

You are completely covered in rugged brown scales. (AC +3, +7% HP)
You have supernaturally acute eyesight. (SInv)
Armour fits poorly on your strangely shaped body.
You can roll at nearby foes to attack.
You have a long armoured tail.


Message History

You barely miss the hound.
The hound is heavily wounded.
The hound bites you but does no damage.
You closely miss the hound.
The hound is moderately wounded.
The hound barely misses you. The hound bites you.
You closely miss the hound.
The hound is heavily wounded.
The gnoll bouda gazes fiercely through you!
You feel your attacks grow feeble. The gnoll bouda barely misses you.
The hound bites you but does no damage.
You hit the gnoll bouda but do no damage.
The gnoll bouda is poisoned.
You tail-slap the gnoll bouda, but do no damage.
The hound bites you.
* * * LOW HITPOINT WARNING * * *
The gnoll bouda hits you but does no damage.
You barely miss the gnoll bouda.
Your tail-slap misses the gnoll bouda.
The gnoll bouda is lightly wounded.
The hound barely misses you. You block the gnoll bouda's attack.
The hound bites you but does no damage.
Unknown command.
You barely miss the gnoll bouda.
The gnoll bouda is lightly wounded.
The hound bites you.
* * * LOW HITPOINT WARNING * * *
The gnoll bouda hits you with a +0 club.
* * * LOW HITPOINT WARNING * * *
Unknown command.
Unknown command.
Your +0 spear of venom stops dripping with poison.
a - a +0 war axe (weapon)
The hound bites you but does no damage. The gnoll bouda barely misses you.
You hit the hound.
The hound is almost dead.
You hit the gnoll bouda.
You kill the hound!
Okawaru accepts your kill.
The gnoll bouda hits you with a +0 club!
You die...

# #+## #################### #.
.......#8..8#......# #.
.......'....'..8# .##'' #.
.......)))..').8#...... #.
.......#.)..#).)g...... #.
'#######....#########'' #. #..g†#
#. #...@# #. #....# #+##
#############''))#############...
#..........................).#.o.
#≈~≈~≈~≈≈≈~~~..).~~~~≈~~≈~≈~≈####
≈≈≈≈≈≈≈≈≈≈≈≈~....~~≈≈~≈≈≈≈~≈≈≈≈≈≈
~~~~~≈~≈~~~~~....~~~~~~~~~~~~~~~~
.................................
...###########..#####.......#####


You could see a gnoll bouda (poisoned).

Vanquished Creatures
  A kobold brigand (D:3)
  4 hounds (D:3)
  An orc wizard (D:3)
  6 gnolls (D:3)
  2 worms
  4 dart slugs
  13 orcs
  9 bats
  6 endoplasms
  2 giant cockroaches (D:3)
  7 goblins
  10 hobgoblins
  11 jackals (D:3)
  3 kobolds
  A quokka (D:1)
  5 ball pythons
  6 frilled lizards (D:1)
  7 rats
98 creatures vanquished.

Vanquished Creatures (others)
  A plant (D:3)
1 creature vanquished.

Grand Total: 99 creatures vanquished

Notes
Turn   | Place    | Note
-------+----------+-------------------------------------------
     0 | D:1      | mopl the Palentonga Fighter began the quest for the Orb.
     0 | D:1      | Reached XP level 1. HP: 19/19 MP: 1/1
    72 | D:1      | Reached XP level 2. HP: 24/25 MP: 2/2
    94 | D:1      | Reached skill level 3 in Axes
   211 | D:1      | Found a faded altar of an unknown god.
   721 | D:2      | Reached XP level 3. HP: 31/31 MP: 3/3
  1121 | D:2      | Reached skill level 4 in Axes
  1573 | D:2      | Reached XP level 4. HP: 37/37 MP: 4/4
  1703 | D:3      | Found a shimmering altar of Xom.
  1883 | D:3      | Reached skill level 5 in Axes
  1883 | D:3      | Reached XP level 5. HP: 43/43 MP: 5/5
  2016 | D:3      | Found an iron altar of Okawaru.
  2021 | D:3      | Became a worshipper of Warmaster Okawaru
  2086 | D:3      | Reached skill level 6 in Axes
  2092 | D:3      | HP: 2/43 [orc wizard/puff of flame (5)]
  2095 | D:3      | Reached skill level 1 in Invocations
  2101 | D:3      | Reached XP level 6. HP: 23/50 MP: 5/7
  2433 | D:3      | Slain by a gnoll bouda

Illustrated notes

Levels and vault maps discovered:
D:1:      elethiomel_arrival_shortcut, layout_loops_ring,
          dreamdust_ecumenical_altar_statues, minmay_lizard_pond
D:2:      layout_loops_cross, wad_orctagon
D:3:      lemuel_castle_with_subvaults [lemuel_castle_interior_carwin_2],
          layout_rooms, mainiacjoe_overflow_catwalk, okawaru_ov_weapons_minmay

Skill      XL: |  1  2  3  4  5 |
---------------+----------------+-----
Axes           | 3 4 5 6 |  6.6
Invocations    | 1 |  1.9
Fighting       | |  3.0
Armour         | |  2.4
Shields        | |  2.6

Action                   |  1- 3 |  4- 6 || total
-------------------------+-------+-------++-------
Melee: War axe           |   127 |    77 ||   204
       Tailslap          |    11 |    10 ||    21
       Spear             |       |    53 ||    53
 Abil: Rolling Charge    |    27 |     7 ||    34
  Use: Potion            |       |     1 ||     1
Armor: Scale mail        |    62 |       ||    62
       Chain mail        |    15 |    82 ||    97
Dodge: Dodged            |    31 |    30 ||    61
Block: Buckler           |    26 |    25 ||    51
